 Dungeon Crawl Stone Soup version 0.24-a0-269-g32ec7ca (webtiles) character file.

Game seed: 16405718848744248657

103 Collin1234 the Chopper (level 4, -6/41 HPs)
             Began as a Hill Orc Berserker on Apr 22, 2019.
             Was a Believer of Trog.
             Killed by divine providence
             ... invoked by an orc priest
              (13 damage)
             ... on level 3 of the Dungeon.
             The game lasted 00:04:45 (2085 turns).

Collin1234 the Chopper (Hill Orc Berserker)         Turns: 2085, Time: 00:04:45

Health: -6/41      AC:  8    Str: 20    XL:     4   Next: 79%
Magic:  4/4        EV:  8    Int:  7    God:    Trog [**....]
Gold:   147        SH:  2    Dex: 10    Spells: 3/3 levels left

rFire    . . .     SeeInvis .   a - +0 hand axe
rCold    . . .     Gourm    .   (no shield)
rNeg     . . .     Faith    .   b - -1 chain mail (curse)
rPois    .         Spirit   .   (no helmet)
rElec    .         Reflect  +   (no cloak)
rCorr    .         Harm     .   (no gloves)
MR       .....                  (no boots)
Stlth    ..........             k - +2 amulet of reflection
HPRegen  0.13/turn              (no ring)
MPRegen  0.09/turn              (no ring)

@: no status effects
A: no striking features
a: Berserk, Trog's Hand, Renounce Religion, Convert to Beogh


You were on level 3 of the Dungeon.
You worshipped Trog.
Trog was pleased with you.
You were not hungry.

You visited 1 branch of the dungeon, and saw 3 of its levels.

You collected 147 gold pieces.

Inventory:

Hand Weapons
 a - a +0 hand axe (weapon)
Missiles
 j - 8 javelins (quivered)
Armour
 b - a cursed -1 chain mail (worn)
Jewellery
 k - a +2 amulet of reflection (around neck)
 l - an uncursed ring of protection from fire {unknown}
Scrolls
 d - a scroll of enchant weapon {unknown}
 i - a scroll of identify
 m - 2 scrolls of remove curse
Potions
 e - 2 potions of lignification
 f - a potion of flight
 g - a potion of brilliance {unknown}
 h - a potion of haste {unknown}
 n - a potion of degeneration {unknown}
Comestibles
 c - 10 rations


   Skills:
 + Level 4.5 Fighting
 + Level 5.5 Axes
 + Level 3.1 Armour
 + Level 1.9 Dodging


You had 3 spell levels left.
You didn't know any spells.
Your spell library was empty.

Dungeon Overview and Level Annotations

Branches:
Dungeon (3/15)

Altars:
Dithmenos
Kikubaaqudgha
Nemelex Xobeh
Uskayaw
Vehumet
The Shining One


Message History

The orc priest shouts!
You hear a shout!
An orc comes into view. It is wielding a +0 club.
You see here a moonstone ring.
The orc priest calls down the wrath of Beogh upon you.
Pain shoots through your body!
An orc comes into view. It is wielding a +0 mace.
The orc priest miscasts a cantrip.
An orc comes into view. It is wielding a +0 hand axe.
The orc priest invokes the aid of Beogh against you.
Beogh smites you!
You see here a dagger.
The orc priest looks satisfied for a moment.
The orc priest mumbles some strange prayers to Beogh against you.
Beogh smites you!
* * * LOW HITPOINT WARNING * * *
You hear a shout!
An orc priest comes into view. It is wielding a +0 club.
The orc priest invokes the aid of Beogh against you.
Beogh smites you!
You die...

oo.#.......#..### #
.o.#.%.......##o#################
...#.........').o†...............
## #.........###.#########.......
#.....##### #o# #....... #.....
#.## #....... #.....
##..########....†.. ....
#..................
#.@................
#..................
#..................
#............#.....
#####........#.....
##.......#..... #.......#.....
##.####.#..... #÷.# #(#.....


You could see an orc priest and 2 orcs.

Vanquished Creatures
  3 adders (D:3)
  An ooze (D:1)
  A worm (D:3)
  2 dart slugs (D:2)
  2 leopard geckos
  5 orcs (D:3)
  7 bats
  2 giant cockroaches (D:2)
  7 hobgoblins
  5 jackals
  2 ball pythons
  2 frilled lizards
  5 goblins
  5 kobolds
  5 rats
  5 rat zombies (D:3)
59 creatures vanquished.

Notes
Turn   | Place    | Note
-------+----------+-------------------------------------------
     0 | D:1      | Collin1234 the Hill Orc Berserker began the quest for the
                  | Orb.
     0 | D:1      | Reached XP level 1. HP: 19/19 MP: 1/1
   183 | D:1      | Reached XP level 2. HP: 21/27 MP: 2/2
   615 | D:1      | Reached XP level 3. HP: 31/33 MP: 3/3
   834 | D:2      | Found a sparkling altar of Nemelex Xobeh.
  1042 | D:2      | Reached ** piety under Trog
  1050 | D:2      | Reached skill level 5 in Axes
  1176 | D:2      | Found a hide-covered altar of Uskayaw.
  1176 | D:2      | Found a radiant altar of Vehumet.
  1177 | D:2      | Found a glowing golden altar of the Shining One.
  1304 | D:2      | Found a shadowy altar of Dithmenos.
  1466 | D:3      | Found an ancient bone altar of Kikubaaqudgha.
  1566 | D:3      | Reached XP level 4. HP: 38/41 MP: 4/4
  2085 | D:3      | Killed from afar by an orc priest

Levels and vault maps discovered:
D:1:      eino_arrival_druids_welcome, layout_loops_ring
D:2:      minmay_spotlight, layout_basic, nicolae_overflow_quartered_altars,
          nemelex_xobeh_ov_fountains_minmay
D:3:      layout_basic, lemuel_zombie_altar_kikubaaqudgha, first_ration

Skill      XL: |  1  2  3  4 |
---------------+-------------+-----
Fighting       | 4 |  4.5
Axes           | 5 |  5.5
Armour         | 3 |  3.1
Dodging        | |  1.9

Action                   |  1- 3 |  4- 6 || total
-------------------------+-------+-------++-------
Melee: Hand axe          |   158 |    60 ||   218
  Use: Scroll            |     6 |       ||     6
  Eat: Ration            |     1 |       ||     1
       Chunk             |     1 |       ||     1
Armor: Ring mail         |    31 |       ||    31
       Chain mail        |    48 |    47 ||    95
Dodge: Dodged            |    73 |    36 ||   109
Block: Other             |     4 |     2 ||     6

Table legend:
 A = Non-vault XP
 B = Vault XP
 C = Vault XP percentage of total XP
 D = Non-vault monster count
 E = Vault monster count
 F = Vault count percentage of total count
                 A         B        C        D         E       F
            +---------+---------+-------+---------+---------+-------
      Total |     134 |      14 |   9.5 |      50 |       9 |  15.3
            +---------+---------+-------+---------+---------+-------
        D:1 |      39 |       0 |   0.0 |      21 |       0 |   0.0
        D:2 |      18 |       9 |  33.3 |       9 |       4 |  30.8
        D:3 |      77 |       5 |   6.1 |      20 |       5 |  20.0
            +---------+---------+-------+---------+---------+-------
